 Dungeon Crawl Stone Soup version 0.24.0-29-g8ce449bc06 (webtiles) character file.

Game seed: 7798010504929739496, levelgen mode: deterministic

58 Flugslaktarn the Shield-Bearer (level 3, -9/33 HPs)
             Began as a Minotaur Fighter on Nov 14, 2019.
             Mangled by Pikel
             ... wielding a +2 whip of electrocution
              (17 damage)
             ... on level 4 of the Dungeon.
             The game lasted 00:00:44 (1078 turns).

Flugslaktarn the Shield-Bearer (Minotaur Fighter)   Turns: 1078, Time: 00:00:45

Health: -9/33      AC:  8    Str: 26    XL:     3   Next: 75%
Magic:  2/2        EV:  7    Int: 10    God:
Gold:   145        SH: 10    Dex:  9    Spells: 2/2 levels left

rFire    . . .     SeeInvis .   h - +2 hand axe (chop)
rCold    . . .     Gourm    .   c - +0 shield
rNeg     . . .     Faith    .   b - +0 scale mail
rPois    .         Spirit   .   (helmet restricted)
rElec    .         Reflect  .   (no cloak)
rCorr    .         Harm     .   (no gloves)
MR       .....     Rnd*Tele +   f - +0 pair of boots
Stlth    ..........             p - amulet of regeneration
HPRegen  0.51/turn              m - ring of teleportation (curse)
MPRegen  0.08/turn              (no ring)

@: mighty, brilliant
A: retaliatory headbutt, horns 2
a: no special abilities


You were on level 4 of the Dungeon.
You were hungry.

You visited 1 branch of the dungeon, and saw 3 of its levels.

You collected 145 gold pieces.

Inventory:

Hand Weapons
 a - a +0 war axe
 h - a +2 hand axe of chopping (weapon)
   (You found it on level 2 of the Dungeon)
Armour
 b - a +0 scale mail (worn)
 c - a +0 shield (worn)
 f - a +0 pair of boots (worn)
   (You found it on level 1 of the Dungeon)
Jewellery
 m - a cursed ring of teleportation (left hand)
   (You found it on level 2 of the Dungeon)
 p - an amulet of regeneration (around neck)
   (You found it on level 1 of the Dungeon)
Scrolls
 j - 3 scrolls of remove curse {unknown}
 k - a scroll of enchant weapon {unknown}
 n - 2 scrolls of identify {unknown}
 o - 2 scrolls of blinking {unknown}
Potions
 d - 2 potions of might
 g - a potion of ambrosia {unknown}
 l - a potion of flight {unknown}
 r - a potion of heal wounds {unknown}
Comestibles
 e - 7 rations
 i - 4 chunks of flesh


   Skills:
 + Level 4.1 Fighting
 * Level 3.7 Axes
 + Level 4.1 Armour
 + Level 4.1 Shields


You had 2 spell levels left.
You didn't know any spells.
Your spell library was empty.

Dungeon Overview and Level Annotations

Branches:
Dungeon (2/15)

Altars:

Annotations:
D:4 Pikel


Innate Abilities, Weirdness & Mutations

You reflexively headbutt those who attack you in melee.
You have a pair of horns on your head.


Message History

You are too injured to fight recklessly!
You are too injured to fight recklessly!
You are too injured to fight recklessly!
You are too injured to fight recklessly!
You are too injured to fight recklessly!
You are too injured to fight recklessly!
You are too injured to fight recklessly!
Unknown command.
Press: ? - help, v - describe, . - travel
Here: Pikel, wielding a +2 whip of electrocution and wearing a +0 robe (lightly wounded)
The floor.
You block the slave's attack.
You feel very mighty all of a sudden.
It was a potion of brilliance.
You feel clever all of a sudden.
Pikel hits you with a +2 whip of electrocution.
* * * LOW HITPOINT WARNING * * *
You are electrocuted!
Ouch! That really hurt!
You die...

.## ... ..
#.#.################
#........ppK@.......
......#..†..##########
####. #.....# ..
#...>...... ##
#....#######. ...###.#
## ..# ####


You could see Pikel and 2 slaves.

Vanquished Creatures
  3 adders
  A worm (D:2)
  2 dart slugs (D:1)
  A leopard gecko (D:1)
  A giant cockroach (D:4)
  2 goblins (D:2)
  2 hobgoblins
  2 quokkas
  A ball python (D:1)
  2 bats
  3 frilled lizards (D:2)
  6 rats
26 creatures vanquished.

Notes
Turn   | Place    | Note
-------+----------+-------------------------------------------
     0 | D:1      | Flugslaktarn the Minotaur Fighter began the quest for the
                  | Orb.
     0 | D:1      | Reached XP level 1. HP: 19/19 MP: 0/0
    63 | D:1      | You fall into a shaft and drop 1 floor!
   213 | D:2      | Reached XP level 2. HP: 27/27 MP: 1/1
   664 | D:1      | Reached XP level 3. HP: 33/33 MP: 2/2
  1045 | D:2      | You fall into a shaft and drop 2 floors!
  1057 | D:4      | Noticed a slave
  1057 | D:4      | Noticed a slave
  1059 | D:4      | Noticed Pikel
  1060 | D:4      | Noticed a slave
  1078 | D:4      | Mangled by Pikel

Levels and vault maps discovered:
D:1:      giann_forest_graveyard, layout_basic
D:2:      layout_loops_cross, minmay_overflow_temple_star_quad
D:4:      layout_basic, lemuel_crystal_altar, minmay_fountain_box,
          uniq_menkaure, uniq_grinder, uniq_pikel

Skill      XL: |  1  2  3 |
---------------+----------+-----
Axes           | 3 |  3.7
Armour         | 4 |  4.1
Fighting       | 4 |  4.1
Shields        | 4 |  4.1

Action                   || total
-------------------------++-------
Melee: Hand axe          ||    52
       Headbutt          ||     6
  Use: Potion            ||     2
Armor: Scale mail        ||    17
Dodge: Dodged            ||    22
Block: Shield            ||    19
